 Dungeon Crawl Stone Soup version 0.26-a0-812-g31a745ddcd (webtiles) character file.

Game seed: 11850002951811533361

12905 Dracia the Tainter (level 11, -6/68 HPs)
             Began as a Demonspawn Venom Mage on Dec 2, 2020.
             Was a Priest of Sif Muna.
             Killed from afar by a molten gargoyle (23 damage)
             ... with a bolt of magma
             ... on level 3 of the Lair of Beasts on Dec 3, 2020.
             The game lasted 00:41:21 (15370 turns).

Dracia the Tainter (Demonspawn Venom Mage)         Turns: 15370, Time: 00:41:21

Health: -6/68      AC:  7    Str: 10    XL:     11   Next: 68%
Magic:  12/17      EV: 16    Int: 19    God:    Sif Muna [***...]
Gold:   534        SH:  5    Dex: 13    Spells: 0/18 levels left

rFire    . . .     SeeInvis +   a - +6 falchion "Jeothru" {venom, +Inv rElec}
rCold    + . .     Faith    .   (no shield)
rNeg     . . .     Spirit   .   z - +2 robe
rPois    .         Reflect  +   (helmet restricted)
rElec    +         Harm     .   u - scarf {repulsion}
rCorr    .         Rampage  .   (no gloves)
MR       .....                  C - +2 pair of boots
Stlth    ++........             f - amulet of reflection
HPRegen  0.61/turn              D - +4 ring of evasion
MPRegen  0.15/turn              v - ring of see invisible

@: repel missiles
A: antennae 1, claws 2, cold resistance 1, demonic guardian 1, icemail, sense
surroundings 1, regeneration 1, freezing cloud immunity
a: Channel Magic, Forget Spell, Renounce Religion, Evoke Invisibility


You were on level 3 of the Lair of Beasts.
You worshipped Sif Muna.
Sif Muna was most pleased with you.
You visited 3 branches of the dungeon, and saw 13 of its levels.

You collected 750 gold pieces.
You spent 216 gold pieces at shops.


Innate Abilities, Weirdness & Mutations

You have very sharp fingernails.
Your flesh is cold resistant. (rC+)
A weak demonic guardian rushes to your aid.
A meltable icy envelope protects you from harm. (AC +0)
You are immune to freezing clouds.
You have a pair of small antennae on your head.
You passively map a small area around you.
Your natural rate of healing is unusually fast.


   Skills:
 + Level 7.6 Long Blades
   Level 3.1 Axes
 - Level 7.0 Slings
 - Level 1.7 Dodging
 - Level 1.7 Stealth
 - Level 4.0 Spellcasting
 + Level 9.2 Hexes
 - Level 2.9 Transmutations
 - Level 9.2 Poison Magic
 - Level 7.0 Invocations


You couldn't memorise any spells.
You knew the following spells:

 Your Spells              Type           Power        Failure   Level
a - Ignite Poison         Fire/Tmut/Pois ###.....     8%          3
b - Mephitic Cloud        Conj/Pois/Air  ###.....     12%         3
c - Olgreb's Toxic Radia  Pois           #####...     3%          4
d - Poisonous Vapours     Pois/Air       ###...       3%          2
e - Ensorcelled Hibernat  Hex/Ice        ###...       3%          2
f - Sting                 Tmut/Pois      ####         1%          1
g - Call Canine Familiar  Summ           #.......     38%         3

Your spell library contained the following spells:

 Spells                   Type           Power        Failure   Level
 Corona                   Hex            #####..      1%          1
 Confusing Touch          Hex            #####...     1%          3
 Tukima's Dance           Hex            #####...     1%          3
 Dazzling Flash           Conj/Hex       ###...       6%          3
 Summon Guardian Golem    Hex/Summ       ###.....     6%          3
 Summon Small Mammal      Summ           #...         14%         1
 Call Imp                 Summ           #.......     21%         2
 Summon Ice Beast         Ice/Summ       #.......     80%         4
 Summon Lightning Spire   Summ/Air       #.......     80%         4

Inventory:

Hand Weapons
 a - the +6 falchion "Jeothru" (weapon) {venom, +Inv rElec}
   (You bought it in a shop on level 8 of the Dungeon)

   It poisons the flesh of those it strikes.
   It insulates you from electricity.
   It lets you turn invisible.
 b - a +4 vorpal hunting sling
Missiles
 d - 71 poisoned darts (quivered)
 e - 4 curare-tipped darts {=f=f}
 m - 7 atropa-tipped darts
 o - 433 stones
 r - 141 sling bullets
 H - a throwing net {=f=f}
Armour
 u - a scarf of repulsion (worn)
 z - a +2 robe (worn)
 C - a +2 pair of boots (worn)
Jewellery
 f - an amulet of reflection (around neck)
 t - an uncursed ring of positive energy
 v - a ring of see invisible (right claw)
 D - a +4 ring of evasion (left claw)
Wands
 c - a wand of paralysis (7)
 g - a wand of iceblast (12)
 w - a wand of random effects (14)
 B - a wand of acid (11)
Scrolls
 i - 2 scrolls of fear
 j - 6 scrolls of identify {@r1@r1}
 k - 5 scrolls of fog
 p - 4 scrolls of teleportation {@r4@r4}
 s - a scroll of enchant armour
 A - a scroll of blinking
Potions
 l - a potion of curing {@q1@q1}
 E - a potion of lignification
 M - a potion of brilliance

Dungeon Overview and Level Annotations

Branches:
Dungeon (9/15)             Temple (1/1) D:4            Lair (3/6) D:8
  Swamp (0/4) Lair:2          Orc (0/2) D:9
 Shoals: Lair:2-4     Snake: Lair:2-4    Spider: Lair:2-4

Altars:
Ashenzari
Cheibriados
Dithmenos
Elyvilon
Fedhas
Gozag
Hepliaklqana
Kikubaaqudgha
Makhleb
Nemelex Xobeh
Okawaru
Qazlal
Sif Muna
Trog
Uskayaw
Vehumet
Wu Jian
Xom
Yredelemnul
Zin
The Shining One

Shops:
D:6 [   D:7 *   D:8 (![*(   D:9 }?

Annotations:
D:3 1 runed translucent door, Crazy Yiuf
D:8 2 transporters, MoonlitKnight's ghost, journeyman HOFi

* * * , * * * * ,, *
** * , , * , , , ,, ,,
#### ##### , ,* *
##≈≈###§≈§### ### **
≈..≈≈≈≈≈#§≈≈####@# *
.....§# #§§≈≈##9## , ,
.§≈...## #§§§§555## ,
§§≈≈...####§)§§.≈≈8#,,
##≈≈≈...##...§§≈.≈##
###≈≈≈.....≈≈§##.## ,
###≈≈§.≈≈≈####<# * *
##≈§§≈###, ###, ######
,,,


You could see a molten gargoyle and 3 friendly white imps.


Message History

The sting hits the molten gargoyle but does no damage.
The molten gargoyle is moderately damaged.
Your white imp hits the molten gargoyle but does no damage.
The molten gargoyle closely misses you.
Your white imp hits the molten gargoyle but does no damage.
Casting: Sting (safe; 1% risk of failure)
Confirm with . or Enter, or press ? or * to list all spells.
Aiming: Sting (safe; 1% risk of failure)
Press: ? - help, Shift-Dir - straight line, f/p - molten gargoyle
Aim: a molten gargoyle, wielding a +0 morningstar (moderately damaged)
The sting hits the molten gargoyle but does no damage.
The molten gargoyle is moderately damaged.
Your white imp hits the molten gargoyle.
Your white imp freezes the molten gargoyle.
The molten gargoyle hits you with a +0 morningstar.
* * * LOW HITPOINT WARNING * * *
You are engulfed in flames!
* * * LOW HITPOINT WARNING * * *
Your white imp hits the molten gargoyle but does no damage.
Casting: Sting (safe; 1% risk of failure)
Confirm with . or Enter, or press ? or * to list all spells.
Aiming: Sting (safe; 1% risk of failure)
Press: ? - help, Shift-Dir - straight line, f/p - molten gargoyle
Aim: a molten gargoyle, wielding a +0 morningstar (heavily damaged)
The sting hits the molten gargoyle but does no damage.
The molten gargoyle is heavily damaged.
Your white imp hits the molten gargoyle but does no damage.
The molten gargoyle blasts magma at you!
The bolt of magma hits you!!
You die...

Skill      XL: |  1  2  3  4  5  6  7  8  9 10 11 |
---------------+----------------------------------+-----
Transmutations | 1 2 |  2.9
Spellcasting   | 3 4 |  4.0
Poison Magic   | 4 5 7 8 9 |  9.2
Slings         | 2 4 6 7 |  7.0
Hexes          | 4 7 9 |  9.2
Axes           | 3 |  3.1
Long Blades    | 2 5 7 |  7.6
Invocations    | 5 7 |  7.0
Dodging        | |  1.7
Stealth        | |  1.7

Action                   |  1- 3 |  4- 6 |  7- 9 | 10-12 || total
-------------------------+-------+-------+-------+-------++-------
Melee: Unarmed           |     7 |       |       |       ||     7
       Dagger            |    33 |    61 |       |       ||    94
       Whip              |       |       |    65 |       ||    65
       Hand axe          |       |       |    64 |       ||    64
       Falchion          |       |       |    38 |   217 ||   255
 Fire: Hunting sling     |       |    97 |    49 |    69 ||   215
 Cast: Sting             |    76 |    67 |     7 |    36 ||   186
       Poisonous Vapours |     2 |    29 |    19 |    15 ||    65
       Ignite Poison     |       |     1 |     5 |    12 ||    18
       Olgreb's Toxic Ra |       |       |     6 |    12 ||    18
Evoke: Wand              |       |       |       |     1 ||     1
  Use: Scroll            |       |     7 |     6 |     5 ||    18
       Potion            |       |     5 |     5 |     5 ||    15
 Stab: Sleeping          |     1 |       |     1 |       ||     2
Armor: Robe              |    20 |    27 |       |    90 ||   137
       Leather armour    |       |    28 |    49 |     8 ||    85
       Skin              |       |       |       |     9 ||     9
Dodge: Dodged            |    73 |    94 |   123 |   211 ||   501
       Repelled          |       |       |     2 |     2 ||     4
Block: Other             |       |     2 |    35 |    58 ||    95
       Reflection        |       |     1 |     2 |     1 ||     4
       Rpst.: Falchion   |       |       |     6 |    39 ||    45

Levels and vault maps discovered:
D:1:      dpeg_arrival_round_c, layout_basic
D:2:      layout_basic, lemuel_round_altar, grunt_ministairs_2,
          serial_bayou_pond_b, uniq_robin, uniq_jessica
D:3:      layout_basic, lemuel_doored_altar, chequers_ecumenical_altar_grove,
          guppyfry_early_lair_pool, uniq_terence, uniq_crazy_yiuf_cottage
D:4:      layout_basic, grunt_temple_overflow_gold_and_silver, minitemple,
          minmay_temple_entry_hall, uniq_ijyb
D:5:      layout_basic, kiku_gazebo_pond_becter, minmay_crossroads, uniq_pikel,
          uniq_duvessa
D:6:      layout_loops_ring, grunt_temple_overflow_open, serial_shops,
          nicolae_shop_statue_plus, fountainhead, uniq_eustachio
D:7:      layout_gridville, serial_shops, shop_fountains, enter_bailey_2,
          uniq_harold
D:8:      layout_rooms, lair_entry_dummy, serial_shops,
          nicolae_shop_behind_doors, kennysheep_mini_moat,
          nicolae_shop_temple_entry_statues_fountains,
          nicolae_shop_window_shopping, shop, gammafunk_ghost_wrathful_warriors,
          nicolae_sextant, minmay_misc_feat_roman,
          chequers_serial_rivers_micro_c, uniq_maurice, uniq_psyche,
          uniq_joseph, uniq_grum
D:9:      layout_basic, orc_0_dummy, serial_shops, nicolae_shop_crystal,
          nicolae_shop_statue_plus, kennysheep_little_box,
          okawaru_altar_gauntlet_db
Temple:   oiseaux_autumnal_temple
Lair:1:   minmay_lair_venomous_thicket, layout_chaotic_city, uniq_sonja
Lair:2:   layout_loops_ring, swamp_mist
Lair:3:   cheibrodos_magma_flow, layout_chaotic_city, lemuel_oklob_altar,
          uniq_rupert

Notes
Turn   | Place    | Note
-------+----------+-------------------------------------------
     0 | D:1      | Dracia the Demonspawn Venom Mage began the quest for the
                  | Orb.
     0 | D:1      | Reached XP level 1. HP: 13/13 MP: 3/3
    83 | D:1      | Reached skill level 1 in Transmutations
   559 | D:1      | Gained mutation: Your flesh is cold resistant. (rC+)
                  | [demonic ancestry]
   559 | D:1      | Reached XP level 2. HP: 15/19 MP: 1/5
   664 | D:1      | Learned a level 2 spell: Poisonous Vapours
  1256 | D:1      | Reached XP level 3. HP: 24/24 MP: 4/6
  1261 | D:1      | Learned a level 3 spell: Ignite Poison
  1504 | D:2      | Noticed Robin
  1637 | D:1      | Killed Robin
  1769 | D:1      | Reached skill level 2 in Transmutations
  2085 | D:2      | Reached XP level 4. HP: 17/30 MP: 5/8
  2279 | D:2      | Found a broken altar of Ashenzari.
  2440 | D:2      | Reached skill level 3 in Spellcasting
  2928 | D:2      | Learned a level 3 spell: Mephitic Cloud
  2942 | D:2      | Noticed Jessica
  2949 | D:2      | Killed Jessica
  2949 | D:2      | Reached skill level 4 in Poison Magic
  3038 | D:2      | Reached XP level 5. HP: 35/35 MP: 4/9
  3954 | D:3      | Found a blossoming altar of Fedhas.
  4243 | D:3      | Found a faded altar of an unknown god.
  4333 | D:3      | Noticed Terence
  4339 | D:3      | Killed Terence
  4736 | D:3      | Found a runed translucent door.
  4737 | D:3      | Noticed Crazy Yiuf
  5152 | D:4      | Noticed an ogre
  5171 | D:4      | Killed an ogre
  5171 | D:4      | Reached skill level 4 in Spellcasting
  5171 | D:4      | Gained mutation: A weak demonic guardian rushes to your
                  | aid. [demonic ancestry]
  5171 | D:4      | Reached XP level 6. HP: 41/41 MP: 2/12
  5282 | D:4      | Found an opulent altar of Gozag.
  5283 | D:4      | Found a glowing silver altar of Zin.
  5501 | D:4      | Noticed Ijyb
  5530 | D:4      | Killed Ijyb
  5530 | D:4      | Reached skill level 5 in Poison Magic
  5942 | D:4      | Found a bloodstained altar of Trog.
  5955 | D:4      | Found a hazy altar of Hepliaklqana.
  6052 | D:4      | Found a staircase to the Ecumenical Temple.
  6101 | Temple   | Entered the Ecumenical Temple
  6327 | Temple   | Became a worshipper of Sif Muna the Loreminder
  6404 | D:4      | Reached skill level 1 in Slings
  7072 | D:5      | Entered Level 5 of the Dungeon
  7165 | D:5      | Reached skill level 2 in Slings
  7165 | D:5      | Gained mutation: You are immune to freezing clouds.
                  | [demonic ancestry]
  7165 | D:5      | Reached XP level 7. HP: 36/46 MP: 6/13
  7233 | D:5      | Found an ancient bone altar of Kikubaaqudgha.
  7383 | D:5      | Noticed Pikel
  7392 | D:5      | Killed Pikel
  7392 | D:5      | Reached skill level 4 in Slings
  7392 | D:5      | Reached skill level 7 in Poison Magic
  7392 | D:5      | Reached XP level 8. HP: 52/52 MP: 2/14
  7548 | D:5      | Noticed Dowan
  7553 | D:5      | Killed Dowan
  7589 | D:5      | Noticed Duvessa
  7616 | D:5      | Killed Duvessa
  8133 | D:5      | Learned a level 4 spell: Olgreb's Toxic Radiance
  8175 | D:6      | Reached skill level 5 in Slings
  8468 | D:6      | Reached skill level 8 in Poison Magic
  9743 | D:6      | Found a shimmering altar of Xom.
  9744 | D:6      | Noticed Eustachio
  9750 | D:6      | Found a snail-covered altar of Cheibriados.
  9771 | D:6      | Killed Eustachio
  9771 | D:6      | Reached skill level 6 in Slings
  9928 | D:6      | Found Pycwehyo's Armour Shop.
  9980 | D:7      | Gained mutation: A meltable icy envelope protects you from
                  | harm. (AC +0) [demonic ancestry]
  9980 | D:7      | Reached XP level 9. HP: 52/57 MP: 15/15
  9983 | D:7      | Found Qimij's General Store.
 10009 | D:7      | Found a flagged portal.
 10017 | D:7      | Got a warped hand axe
 10018 | D:7      | Identified the +9 hand axe "Lifebane" {speed, +Fly MP+9
                  | Int-5 Dex+8} (You found it on level 7 of the Dungeon)
 10116 | D:7      | Noticed Harold
 10139 | D:7      | Killed Harold
 10139 | D:7      | Reached skill level 7 in Slings
 10139 | D:7      | Reached skill level 9 in Poison Magic
 10144 | D:7      | Learned a level 2 spell: Ensorcelled Hibernation
 10169 | D:7      | Reached * piety under Sif Muna
 10200 | D:7      | Reached skill level 1 in Hexes
 10339 | D:7      | Reached skill level 1 in Axes
 10474 | D:7      | Reached skill level 2 in Axes
 10474 | D:7      | Reached skill level 2 in Hexes
 10824 | D:8      | Reached skill level 3 in Hexes
 10871 | D:8      | Found Qofawor's General Store.
 10886 | D:8      | Found Cezxea's Antique Weapon Shoppe.
 10886 | D:8      | Reached skill level 3 in Axes
 10939 | D:8      | Found a staircase to the Lair.
 10940 | D:8      | Bought a dazzling falchion for 216 gold pieces
 10940 | D:8      | Identified the +6 falchion "Jeothru" {venom, +Inv rElec}
                  | (You bought it in a shop on level 8 of the Dungeon)
 10962 | D:8      | Found Cuat's Distillery.
 10967 | D:8      | Found Yxza's Antique Weapon Emporium.
 10984 | D:8      | Reached skill level 1 in Long Blades
 11056 | D:8      | Found a transporter.
 11109 | D:8      | Gained mutation: You passively map a small area around you.
                  | [potion of mutation]
 11109 | D:8      | Gained mutation: Your natural rate of healing is unusually
                  | fast. [potion of mutation]
 11109 | D:8      | Gained mutation: You have a pair of small antennae on your
                  | head. [potion of mutation]
 11110 | D:8      | Reached skill level 4 in Hexes
 11253 | D:8      | Noticed Maurice
 11271 | D:8      | Killed Maurice
 11271 | D:8      | Reached ** piety under Sif Muna
 11271 | D:8      | Reached skill level 2 in Long Blades
 11271 | D:8      | Gained mutation: You have sharp fingernails. [demonic
                  | ancestry]
 11271 | D:8      | Reached XP level 10. HP: 62/63 MP: 8/16
 11379 | D:8      | Noticed Joseph
 11380 | D:8      | Noticed Grum
 11382 | D:8      | Noticed Psyche
 11385 | D:8      | Killed Joseph
 11385 | D:8      | Reached skill level 3 in Long Blades
 11385 | D:8      | Reached skill level 5 in Hexes
 11406 | D:8      | Killed Psyche
 11421 | D:8      | Killed Grum
 11544 | D:8      | Found a transporter.
 11546 | D:8      | Found a bloodstained altar of Trog.
 11547 | D:8      | Identified the +7 whip "Wuhuohat" {flame, rPois rF+ MR-
                  | Str+5}
 11549 | D:8      | Noticed MoonlitKnight's ghost (journeyman HOFi)
 11559 | D:8      | Noticed a moth of wrath
 11577 | D:8      | Reached skill level 4 in Long Blades
 11754 | D:8      | Found Gexutaq's Antique Armour Boutique.
 11905 | D:9      | Reached skill level 6 in Hexes
 11905 | D:9      | Reached skill level 1 in Invocations
 11975 | D:9      | Reached skill level 2 in Invocations
 12127 | D:9      | Found Gechud's Magic Scroll Boutique.
 12141 | D:9      | Found Nale's Gadget Emporium.
 12272 | D:9      | Reached skill level 3 in Invocations
 12476 | D:9      | Found a staircase to the Orcish Mines.
 12589 | D:9      | Found an iron altar of Okawaru.
 12823 | Lair:1   | Entered Level 1 of the Lair of Beasts
 12922 | Lair:1   | Reached skill level 5 in Long Blades
 13014 | Lair:1   | Noticed a five-headed hydra
 13016 | Lair:1   | Reached skill level 4 in Invocations
 13016 | Lair:1   | Reached skill level 7 in Hexes
 13016 | Lair:1   | Reached skill level 5 in Invocations
 13035 | Lair:1   | Killed a five-headed hydra
 13035 | Lair:1   | Gained mutation: You have very sharp fingernails. [demonic
                  | ancestry]
 13035 | Lair:1   | Reached XP level 11. HP: 39/68 MP: 8/17
 13431 | Lair:1   | Reached skill level 6 in Long Blades
 13517 | Lair:1   | Reached skill level 6 in Invocations
 13589 | Lair:1   | Noticed Sonja
 13606 | Lair:1   | Killed Sonja
 13729 | Lair:1   | Reached *** piety under Sif Muna
 14110 | Lair:2   | Reached skill level 8 in Hexes
 14139 | Lair:2   | Learned a level 3 spell: Call Canine Familiar
 14179 | Lair:2   | Found a staircase to the Swamp.
 14338 | Lair:2   | Reached skill level 7 in Invocations
 14522 | Lair:2   | Reached skill level 7 in Long Blades
 14804 | Lair:2   | Reached skill level 9 in Hexes
 15370 | Lair:3   | Killed from afar by a molten gargoyle

Vanquished Creatures
  Harold (D:7)
  A hydra (Lair:1)
  Pikel (D:5)
  Joseph (D:8)
  4 black mambas
  Psyche (D:8)
  A molten gargoyle (Lair:3)
  2 cane toads (Lair:2)
  3 komodo dragons
  A polar bear (Lair:2)
  A hornet (Lair:1)
  2 basilisks (Lair:2)
  Eustachio (D:6)
  14 yaks
  3 wyverns
  Grum (D:8)
  3 water moccasins
  Duvessa (D:5)
  4 orc warriors
  An ogre (D:4)
  A phantom (D:8)
  4 wolves (D:8)
  2 centaurs
  A big kobold (D:9)
  5 bullfrogs
  A wyvern zombie (D:6)
  Dowan (D:5)
  2 scorpions
  5 killer bees (D:9)
  A howler monkey (D:6)
  2 lava snakes (Lair:3)
  2 centaur zombies
  A bullfrog zombie (D:9)
  4 hounds
  5 orc priests
  3 centaur skeletons
  3 jellies
  2 bullfrog skeletons
  5 orc wizards
  Jessica (D:2)
  Ijyb (D:4)
  Terence (D:3)
  3 iguanas
  5 worker ants
  A killer bee zombie (D:9)
  A hound zombie (D:5)
  A worker ant zombie (D:9)
  Robin (D:1)
  A gnoll (D:9)
  A howler monkey skeleton (D:9)
  11 adders
  2 shadow imps
  2 ufetubi
  4 oozes
  An adder zombie (D:6)
  2 worms
  2 dart slugs
  9 leopard geckos
  36 orcs
  9 bats
  6 giant cockroaches
  19 goblins
  13 hobgoblins
  7 jackals (D:2)
  3 quokkas
  7 frilled lizards
  21 kobolds
  8 rats
276 creatures vanquished.

Vanquished Creatures (collateral kills)
  Sonja (Lair:1)
  Maurice (D:8)
  A basilisk (Lair:1)
  An ice beast (D:7)
  A centaur (D:7)
  A lemure (D:5)
  A bullfrog (D:4)
  An orc priest (D:4)
  An adder (Lair:1)
  A leopard gecko (D:8)
  An orc (D:9)
11 creatures vanquished.

Vanquished Creatures (others)
  24 fungi
  60 plants
84 creatures vanquished.

Grand Total: 371 creatures vanquished

Table legend: (Time is in decaauts)
 A = Elapsed time spent in this place.
 B = Non-inter-level travel time spent in this place.
 C = Inter-level travel time spent in this place.
 D = Time resting spent in this place.
 E = Time spent auto-exploring this place.
 F = Levels seen in this place.
 G = Mean time per level.
                   A        B        C        D        E       F      G
               +--------+--------+--------+--------+--------+-----+--------+
         Total |  15382 |  14571 |    811 |   1998 |  10014 |  13 | 1183.2 |
       Dungeon |  12606 |  11896 |    710 |   1773 |   8065 |   9 | 1400.7 |
        Temple |    257 |    210 |     47 |      0 |    208 |   1 |  257.0 |
          Lair |   2518 |   2465 |     53 |    225 |   1741 |   3 |  839.3 |
               +--------+--------+--------+--------+--------+-----+--------+

Top non-repeatable levels by time:
     D:2: 2127 daAuts
     D:4: 1872 daAuts
     D:1: 1863 daAuts
     D:6: 1681 daAuts
  Lair:1: 1250 daAuts
     D:8: 1131 daAuts
     D:5: 1127 daAuts
  Lair:2: 1095 daAuts
     D:3: 1050 daAuts
     D:9: 907 daAuts
     D:7: 845 daAuts
  Temple: 257 daAuts
  Lair:3: 172 daAuts

Table legend:
 A = Non-vault XP
 B = Vault XP
 C = Vault XP percentage of total XP
 D = Non-vault monster count
 E = Vault monster count
 F = Vault count percentage of total count
                 A         B        C        D         E       F
            +---------+---------+-------+---------+---------+-------
      Total |   12269 |    6168 |  33.5 |     230 |      56 |  19.6
            +---------+---------+-------+---------+---------+-------
        D:1 |      54 |      23 |  29.9 |      26 |       5 |  16.1
        D:2 |      87 |      61 |  41.2 |      37 |      14 |  27.5
        D:3 |      73 |      36 |  33.0 |      13 |       1 |   7.1
        D:4 |     346 |      36 |   9.4 |      14 |       1 |   6.7
        D:5 |     345 |     875 |  71.7 |      10 |       4 |  28.6
        D:6 |     564 |     208 |  26.9 |      20 |       1 |   4.8
        D:7 |     764 |     841 |  52.4 |      21 |       1 |   4.5
        D:8 |    1018 |    1895 |  65.1 |      30 |       8 |  21.1
        D:9 |    1552 |      24 |   1.5 |      28 |       6 |  17.6
     Lair:1 |    3287 |    1691 |  34.0 |      12 |      12 |  50.0
     Lair:2 |    4179 |       0 |   0.0 |      19 |       0 |   0.0
     Lair:3 |       0 |     478 | 100.0 |       0 |       3 | 100.0
            +---------+---------+-------+---------+---------+-------
